 Dungeon Crawl Stone Soup version 0.22-a0-458-gb446440 (webtiles) character file.

392049 4thArraOfDagon the Black Belt (level 21, -5/165 HPs)
             Began as a Demonspawn Gladiator on June 8, 2018.
             Was the Champion of Cheibriados.
             Slain by Ijustatesigmund's ghost (21 damage)
             ... on level 5 of the Vaults.
             The game lasted 01:40:47 (17877 turns).

4thArraOfDagon the Black Belt (DsGl)               Turns: 17877, Time: 01:40:48

Health: -5/165     AC: 30    Str: 34    XL:     21   Next: 77%
Magic:  31/36      EV: 32    Int: 31    God:    Cheibriados [******]
Gold:   1843       SH:  0    Dex: 39    Spells: 23/42 levels left

rFire    . . .     SeeInvis .     - Unarmed
rCold    + + .     Gourm    .   (no shield)
rNeg     + . .     Faith    .   J - +9 plate armour "Hiykes" {MR+ Slay+5}
rPois    +         Spirit   .   b - +2 hat {MR+}
rElec    .         Reflect  .   Q - +2 cloak {rPois}
rCorr    .         Harm     .   Z - +0 pair of gloves "Ymayta Exen" {*Contam rPois MR+ Regen+ Stlth+} (curse)
MR       ++++.                  (boots unavailable)
Stlth    +.........             y - amulet of magic regeneration
HPRegen  1.77/turn              a - +3 ring of evasion
MPRegen  0.50/turn              U - ring of Spite {rC+ Dex+4}

@: mighty, agile, regenerating (expiring), very slow
A: talons 3, slimy green scales 3, clumsy 1, cold resistance 1, icemail,
negative energy resistance 1, powered by pain 2, weak 1, freezing cloud immunity
}: 3/15 runes: serpentine, barnacled, slimy
a: Bend Time, Temporal Distortion, Slouch, Step From Time, Renounce Religion


You were on level 5 of the Vaults.
You worshipped Cheibriados.
Cheibriados was exalted by your worship.
You were not hungry.

You visited 9 branches of the dungeon, and saw 45 of its levels.
You also visited: Bailey and Volcano.

You collected 4205 gold pieces.
You spent 2362 gold pieces at shops.

Inventory:

Hand Weapons
 G - a +0 blowgun
Missiles
 p - 14 throwing nets (quivered)
 C - 10 curare-tipped needles
Armour
 b - a +2 hat of magic resistance (worn)
 m - a scarf of repulsion
 J - the +9 plate armour "Hiykes" (worn) {MR+ Slay+5}
   (You bought it in a shop on level 2 of the Orcish Mines)

   It affects your accuracy and damage with ranged weapons and melee attacks
   (+5).
   It affects your resistance to hostile enchantments.
 L - a +1 troll leather armour
 Q - a +2 cloak of poison resistance (worn)
 Z - the cursed +0 pair of gloves "Ymayta Exen" (worn) {*Contam rPois MR+ Regen+ Stlth+}
   (You found it on level 5 of the Lair of Beasts)

   It protects you from poison.
   It affects your resistance to hostile enchantments.
   It causes magical contamination when unequipped.
   It increases your rate of regeneration.
   It makes you more stealthy.
   It has a curse placed upon it.
Magical Staves
 D - an uncursed staff of energy {!a}
 O - an uncursed staff of earth
Jewellery
 a - a +3 ring of evasion (left hand)
 i - an uncursed ring of flight
 y - an amulet of magic regeneration (around neck)
 A - an uncursed ring of fire
 H - a +6 ring of intelligence
 K - an uncursed ring of protection from fire
 P - an uncursed ring of resist corrosion
 U - the ring of Spite (right hand) {rC+ Dex+4}
   (You found it on level 3 of the Elven Halls)

   [ring of protection from cold]

   It affects your dexterity (+4).
   It protects you from cold.
Wands
 f - a wand of enslavement (41)
 q - a wand of digging (16)
 t - a wand of iceblast (38)
 v - a wand of flame (41)
 F - a wand of polymorph (14)
 I - a wand of disintegration (17)
 M - a wand of acid (13)
 N - a wand of paralysis (30)
Scrolls
 e - 8 scrolls of fog
 g - 12 scrolls of identify
 h - 2 scrolls of summoning
 k - a scroll of blinking
 l - 13 scrolls of remove curse
 n - 2 scrolls of immolation
 r - 9 scrolls of fear
 W - 15 scrolls of teleportation
 Y - a scroll of amnesia
Potions
 c - 3 potions of magic
 j - 4 potions of berserk rage
 w - a potion of ambrosia
 x - 3 potions of heal wounds
 z - 2 potions of flight
 B - a potion of invisibility
 E - 3 potions of brilliance
 R - a potion of agility
 S - 6 potions of resistance
 V - 2 potions of mutation
 X - 8 potions of curing
Miscellaneous
 o - a lightning rod (4/4)
 s - a phantom mirror
 T - a lamp of fire
Comestibles
 d - 33 rations


   Skills:
 - Level 14.0 Fighting
 - Level 1.7 Throwing
 - Level 2.1 Armour
 - Level 14.0 Dodging
 - Level 17.1 Unarmed Combat
 - Level 11.0 Spellcasting
 - Level 2.5 Charms
 - Level 11.3 Necromancy
 * Level 14.5 Translocations
 - Level 13.4 Earth Magic
 - Level 12.0 Invocations


You had 23 spell levels left.
You knew the following spells:

 Your Spells              Type           Power        Failure   Level  Hunger
a - Regeneration          Chrm/Necr      ######....   4%          3    None
b - Controlled Blink      Tloc           N/A          99%         8    #######
c - Borgnjor's Vile Clut  Necr/Erth      #######...   4%          5    ##.....
d - Blink                 Tloc           N/A          1%          2    None
e - Apportation           Tloc           ######       1%          1    None

Your spell library contained the following spells:

 Spells                   Type           Power        Failure   Level  Hunger
 Magic Dart               Conj           ###.         26%         1    None
 Fireball                 Conj/Fire      ###.......   100%        5    ##.....
 Conjure Flame            Conj/Fire      ###.....     58%         3    None
 Lightning Bolt           Conj/Air       ###.......   100%        5    ##.....
 Bolt of Magma            Conj/Fire/Erth #####.....   75%         5    ##.....
 Slow                     Hex            ###.....     36%         2    None
 Confuse                  Hex            ###.....     58%         3    None
 Throw Flame              Conj/Fire      ###...       36%         2    None
 Freezing Cloud           Conj/Ice/Air   ###.......   100%        6    #####..
 Mephitic Cloud           Conj/Pois/Air  ###.....     58%         3    None
 Venom Bolt               Conj/Pois      ###.......   100%        5    ##.....
 Olgreb's Toxic Radiance  Pois           ###.....     94%         4    None
 Summon Small Mammal      Summ           ###.         26%         1    None
 Lehudib's Crystal Spear  Conj/Erth      ######....   100%        8    #######
 Fire Storm               Conj/Fire      ###.......   100%        9    #######
 Iskenderun's Mystic Bla  Conj           ###.....     94%         4    None
 Animate Skeleton         Necr           N/A          1%          1    None
 Sticky Flame             Conj/Fire      ###.....     94%         4    None
 Summon Ice Beast         Ice/Summ       ###.....     94%         4    None
 Call Imp                 Summ           ###.....     36%         2    None
 Dispel Undead            Necr           ######..     7%          5    ##.....
 Poison Arrow             Conj/Pois      ###.......   100%        6    #####..
 Sting                    Conj/Pois      ###.         26%         1    None
 Tukima's Dance           Hex            ###.....     58%         3    None
 Summon Demon             Summ           ###.......   100%        5    ##.....
 Corpse Rot               Necr           N/A          1%          2    None
 Stone Arrow              Conj/Erth      ######       4%          3    None
 Swiftness                Chrm/Air       ####....     22%         2    None
 Recall                   Summ/Tloc      N/A          3%          3    None
 Deflect Missiles         Chrm/Air       ####......   100%        6    #####..
 Glaciate                 Conj/Ice       ###.......   100%        9    #######
 Shadow Creatures         Summ           N/A          100%        6    #####..
 Confusing Touch          Hex            ###...       26%         1    None
 Flame Tongue             Conj/Fire      ###..        26%         1    None
 Call Canine Familiar     Summ           ###.....     58%         3    None
 Ensorcelled Hibernation  Hex/Ice        ###...       36%         2    None
 Metabolic Englaciation   Hex/Ice        ###.......   100%        5    ##.....
 Summon Butterflies       Summ           ###.....     26%         1    None
 Silence                  Hex/Air        ###.......   100%        5    ##.....
 Dispersal                Tloc           #######...   10%         6    #####..
 Corona                   Hex            ###....      26%         1    None
 Alistair's Intoxication  Tmut/Pois      ###.....     100%        5    ##.....
 Conjure Ball Lightning   Conj/Air       ###.......   100%        6    #####..
 Chain Lightning          Conj/Air       ###.......   100%        8    #######
 Portal Projectile        Hex/Tloc       ######       3%          3    None
 Petrify                  Tmut/Erth      ######..     16%         4    None
 Tornado                  Air            ###.......   100%        9    #######
 Summon Hydra             Summ           ###.......   100%        7    ######.
 Darkness                 Hex            ###.......   100%        6    #####..
 Shroud of Golubria       Chrm/Tloc      ######....   1%          2    None
 Inner Flame              Hex/Fire       ###.....     58%         3    None
 Aura of Abjuration       Summ           ###.......   100%        5    ##.....
 Disjunction              Tloc           #######...   99%         8    #######
 Dazzling Spray           Conj/Hex       ###...       58%         3    None
 Force Lance              Conj/Tloc      ######..     13%         4    None
 Infusion                 Chrm           ####         9%          1    None
 Song of Slaying          Chrm           ####....     13%         2    None
 Spectral Weapon          Hex/Chrm       ####....     41%         3    None
 Summon Forest            Summ/Tloc      ######....   34%         5    ##.....
 Summon Lightning Spire   Summ/Air       ###.....     94%         4    None
 Summon Mana Viper        Hex/Summ       ###.....     100%        5    ##.....
 Gell's Gravitas          Tloc           #######...   1%          3    None
 Yara's Violent Unravell  Hex/Tmut       ###.......   100%        5    ##.....
 Poisonous Vapours        Pois/Air       ###...       36%         2    None


Dungeon Overview and Level Annotations

Branches:
Dungeon (15/15)            Temple (1/1) D:4            Lair (6/6) D:11
 Shoals (4/4) Lair:3        Snake (4/4) Lair:4        Slime (5/5) Lair:6
    Orc (2/2) D:11            Elf (3/3) Orc:2        Vaults (5/5) D:14
 Depths (0/5) D:15
  Crypt: Vaults:2-3

Altars:
Cheibriados
Dithmenos
Elyvilon
Fedhas
Gozag
Hepliaklqana
Kikubaaqudgha
Makhleb
Nemelex Xobeh
Okawaru
Qazlal
Ru
Trog
Vehumet
Wu Jian
Xom
Yredelemnul
Zin
The Shining One

Shops:
D:9 =   D:12 [   D:14 :   D:15 :(   Orc:1 *   Orc:2 (=*[   Shoals:3 [*?*
Snake:1 }!(   Vaults:3 *

Annotations:
D:3 TheNamelessOne's ghost, amateur TeAE
D:5 Eustachio
Shoals:2 exclusion: 2 oklob plants
Slime:5 Royal Jelly
Vaults:5 Ijustatesigmund's ghost, adept OgHu


Innate Abilities, Weirdness & Mutations

You have claws for feet.
You are completely covered in slimy green scales. (AC +4, rPois)
Your flesh is cold resistant. (rC+)
A meltable icy envelope protects you from harm. (AC +0)
You resist negative energy. (rN+)
You sometimes gain power by taking damage.
You are immune to freezing clouds.
You are clumsy. (Dex -2)
You are weak. (Str -2)


Message History

Your skin is crawling a little less now.
You punch Ijustatesigmund's ghost! You claw Ijustatesigmund's ghost!
You punch Ijustatesigmund's ghost!
Ijustatesigmund's ghost is severely damaged.
Ijustatesigmund's ghost hits you!
* * * LOW HITPOINT WARNING * * *
Ijustatesigmund's ghost freezes you.
* * * LOW HITPOINT WARNING * * *
You hit Ijustatesigmund's ghost.
Your kick misses Ijustatesigmund's ghost.
You punch Ijustatesigmund's ghost!
Ijustatesigmund's ghost is severely damaged.
Ijustatesigmund's ghost hits you!!
* * * LOW HITPOINT WARNING * * *
Ijustatesigmund's ghost freezes you.
* * * LOW HITPOINT WARNING * * *
Unknown command.
You can feel time thicken for a moment.
You feel somewhat more hungry. Ijustatesigmund's ghost hits you!!
You die...

#....# . #....# ..
#....# #
.?.#####....# .##
......#....#....
...............
########........###
...........W<......
..........@..<.....
.........†.<<......
...................
########........###
#.........#
+##....#..#
#....#... #....# ..
....#


You could see Ijustatesigmund's ghost.

Vanquished Creatures
  the Royal Jelly (Slime:5)
  Mara (Snake:4)
  Bai Suzhen (Shoals:4)
  Saint Roka (Orc:2)
  Rupert (D:13)
  2 deep elf blademasters (Elf:3)
  Frances (Shoals:1)
  15 acid blobs
  2 deep elf master archers (Elf:3)
  Kirke (Shoals:1)
  Gastronok (D:8)
  The ghost of kirsanium the Eclecticist, an adept DEFE of Vehumet (Snake:2)
  Ilsuiw (Shoals:4)
  2 azure jellies
  7 nagarajas
  4 deep elf sorcerers
  A vault warden (Vaults:2)
  An orc warlord (Orc:2)
  6 deep elf elementalists (Elf:3)
  5 ironheart preservers
  4 deep elf demonologists (Elf:3)
  13 deep elf annihilators
  The ghost of 4thArraOfDagon the Severer, a journeyman HOFi of the Shining One (D:15)
  A dire elephant (Lair:6)
  11 deep elf death magi
  5 death oozes (Slime:5)
  12 merfolk impalers
  4 merfolk javelineers
  2 crystal guardians
  4 great orbs of eyes
  2 deep elf high priests (Elf:3)
  33 vault guards
  9 naga warriors
  An ice dragon (D:14)
  17 anacondas
  6 merfolk avatars
  4 hydras
  4 ogre magi
  An alligator snapping turtle (Shoals:4)
  6 centaur warriors
  11 two-headed ogres
  3 satyrs
  14 dancing weapons
  3 orc high priests (Orc:2)
  2 deep troll earth magi
  7 merfolk aquamancers (Shoals:4)
  A tengu warrior (D:13)
  15 naga sharpshooters
  A hell knight (Volcano)
  21 deep elf knights
  A sun demon (Volcano)
  7 shock serpents
  8 salamander mystics
  Sonja (D:10)
  A fire crab (shapeshifter) (D:15)
  6 deep trolls
  2 unseen horrors (D:13)
  A flayed ghost (D:14)
  5 naga ritualists
  4 lindwurms (Snake:4)
  14 sea snakes
  13 deep elf archers
  33 harpies
  3 ironbrand convokers (Vaults:3)
  3 wizards
  12 mana vipers
  7 orc knights
  A wolf spider (Vaults:4)
  4 oklob plants (Lair:6)
  5 orc sorcerers
  12 ugly things
  11 fauns
  39 deep elf magi
  6 cyclopes
  9 salamanders
  4 shining eyes
  15 manticores
  16 merfolk sirens
  8 elephants
  4 water nymphs
  8 guardian serpents
  31 black mambas
  26 naga magi
  2 vault sentinels (Vaults:3)
  13 spiny frogs
  Joseph (D:8)
  A kobold demonologist (D:14)
  8 rime drakes
  A freezing wraith (Vaults:3)
  10 komodo dragons
  4 yaktaurs (Vaults:2)
  The ghost of Gildeon the Magician, a novice GrEE (D:5)
  3 red devils (Volcano)
  2 tengu conjurers
  A jumping spider (shapeshifter) (Vaults:2)
  20 merfolk
  3 meliai (D:15)
  A polar bear (Lair:6)
  7 trolls
  6 hornets
  10 wind drakes
  51 slime creatures
  12 hippogriffs
  5 blink frogs
  A meliai zombie (D:13)
  5 snapping turtles
  4 dream sheep (Lair:6)
  2 shadows
  A centaur simulacrum (D:14)
  18 water elementals
  An air elemental (Elf:1)
  19 yaks
  A fire elemental (Elf:2)
  3 wyverns
  2 hungry ghosts
  4 basilisks
  Menkaure (D:4)
  6 vampire mosquitoes
  40 nagas
  2 acid dragons
  A naga (shapeshifter) (D:13)
  2 swamp worms (Snake:3)
  5 wargs
  A soldier ant (D:13)
  9 porcupines
  16 water moccasins
  4 eyes of draining
  29 orc warriors
  A swamp drake (shapeshifter) (Elf:2)
  5 sky beasts
  19 ogres
  11 centaurs
  A black bear (D:9)
  A necrophage (D:6)
  3 phantoms
  11 crocodiles
  A big kobold (D:10)
  8 gnoll sergeants (Bailey)
  14 bullfrogs
  4 earth elementals
  A wyvern skeleton (D:13)
  5 scorpions
  8 killer bees
  7 wights
  3 electric eels
  A crimson imp (D:7)
  A bullfrog zombie (D:12)
  A quasit (D:14)
  3 centaur zombies
  4 hounds
  2 jellies
  10 orc wizards
  15 orc priests
  2 bullfrog skeletons
  3 centaur skeletons
  6 gnoll shamans (Bailey)
  An iguana (D:10)
  4 hell rats (Lair:6)
  13 worker ants
  17 gnolls
  13 adders
  3 shadow imps
  5 worms
  5 dart slugs
  6 leopard geckos
  57 orcs
  7 giant cockroaches
  9 goblins
  6 hobgoblins
  2 jackals (D:3)
  12 kobolds
  2 quokkas
  4 ball pythons
  9 bats
  7 frilled lizards
  5 rats
  3 plants
1273 creatures vanquished.

Vanquished Creatures (others)
  A manticore (Shoals:2)
  A deep elf mage (Elf:3)
  A hippogriff (Shoals:4)
  A sky beast (D:14)
  An orc (D:5)
  22 fungi
  19 plants
46 creatures vanquished.

Grand Total: 1319 creatures vanquished

Notes
Turn   | Place    | Note
-------+----------+-------------------------------------------
     0 | D:1      | 4thArraOfDagon the Demonspawn Gladiator began the quest for the Orb.
     0 | D:1      | Reached XP level 1. HP: 16/16 MP: 1/1
    79 | D:1      | Reached skill level 3 in Unarmed Combat
    79 | D:1      | Gained mutation: You are partially covered in slimy green scales. (AC +2) [demonic ancestry]
    79 | D:1      | Reached XP level 2. HP: 14/22 MP: 2/2
   270 | D:3      | Gained mutation: You are mostly covered in slimy green scales. (AC +3) [demonic ancestry]
   270 | D:3      | Reached XP level 3. HP: 16/28 MP: 3/3
   289 | D:3      | Noticed TheNamelessOne's ghost (amateur TeAE)
   343 | D:2      | Gained mutation: You are weak. (Str -2) [potion of mutation]
   343 | D:2      | Gained mutation: You have sharp toenails. [potion of mutation]
   461 | D:4      | Found a staircase to the Ecumenical Temple.
   469 | D:4      | Noticed an ogre
   479 | Temple   | Entered the Ecumenical Temple
   533 | Temple   | Became a worshipper of Cheibriados the Contemplative
   561 | D:4      | Got a brightly glowing ring mail
   572 | D:5      | Entered Level 5 of the Dungeon
   583 | D:5      | Identified the +5 ring mail of Ycuog {-Cast +Blink Int-5 SInv} (You found it on level 4 of the Dungeon)
   594 | D:5      | Noticed Eustachio
   607 | D:4      | Noticed an ogre
   616 | D:4      | Killed an ogre
   616 | D:4      | Reached skill level 4 in Unarmed Combat
   616 | D:4      | Reached skill level 1 in Invocations
   616 | D:4      | Reached XP level 4. HP: 35/35 MP: 3/5
   616 | D:4      | Gained mutation: You sometimes gain a little power by taking damage. [demonic ancestry]
   616 | D:4      | Reached XP level 5. HP: 41/41 MP: 3/6
   741 | D:3      | Reached * piety under Cheibriados
   763 | D:3      | Reached XP level 6. HP: 47/47 MP: 7/7
  1066 | D:3      | Found a white marble altar of Elyvilon.
  1161 | D:2      | Reached ** piety under Cheibriados
  1214 | D:3      | Reached skill level 5 in Unarmed Combat
  1413 | D:4      | Noticed Menkaure
  1418 | D:4      | Killed Menkaure
  1418 | D:4      | Mutation became permanent: You have sharp toenails. [demonic ancestry]
  1418 | D:4      | Gained mutation: You have sharp toenails. [demonic ancestry]
  1418 | D:4      | Reached XP level 7. HP: 29/54 MP: 9/9
  1479 | D:5      | Got a dazzling leather armour
  1616 | D:5      | Noticed Gildeon's ghost (novice GrEE)
  1642 | D:5      | Killed Gildeon's ghost
  1642 | D:5      | Reached skill level 6 in Unarmed Combat
  1644 | D:5      | Reached XP level 8. HP: 4/61 MP: 11/11
  1645 | D:5      | HP: 3/61 [poisoned by a worker ant]
  1881 | D:6      | Reached skill level 5 in Invocations
  1900 | D:6      | Identified the +0 leather armour of the Valley {rCorr} (You found it on level 5 of the Dungeon)
  1916 | D:6      | Reached skill level 5 in Fighting
  1968 | D:5      | Found a stormy altar of Qazlal.
  2037 | D:7      | Found a blossoming altar of Fedhas.
  2057 | D:7      | Reached skill level 5 in Dodging
  2230 | D:7      | Reached *** piety under Cheibriados
  2230 | D:7      | Reached skill level 7 in Unarmed Combat
  2457 | D:8      | Noticed Gastronok
  2488 | D:8      | Noticed Joseph
  2501 | D:8      | Killed Joseph
  2501 | D:8      | Reached XP level 9. HP: 40/69 MP: 13/13
  2641 | D:9      | Found a sacrificial altar of Ru.
  2723 | D:9      | Reached skill level 8 in Unarmed Combat
  2737 | D:9      | Noticed a troll
  2748 | D:9      | Killed a troll
  2770 | D:9      | Found a shimmering altar of Xom.
  2807 | D:9      | Found Poum's Jewellery Shoppe.
  2834 | D:9      | Paralysed by a hornet for 2 turns
  2895 | D:9      | Reached **** piety under Cheibriados
  2905 | D:9      | Noticed a skeletal warrior
  2906 | D:9      | Noticed a skeletal warrior
  3001 | D:8      | Killed Gastronok
  3001 | D:8      | Reached skill level 9 in Unarmed Combat
  3001 | D:8      | Gained mutation: You sometimes gain power by taking damage. [demonic ancestry]
  3001 | D:8      | Reached XP level 10. HP: 42/76 MP: 14/16
  3155 | D:10     | Entered Level 10 of the Dungeon
  3318 | D:10     | Reached skill level 10 in Unarmed Combat
  3388 | D:10     | Reached ***** piety under Cheibriados
  3556 | D:10     | Noticed Sonja
  3559 | D:10     | Killed Sonja
  3559 | D:10     | Reached skill level 10 in Invocations
  3705 | D:10     | Gained mutation: Your flesh is cold resistant. (rC+) [demonic ancestry]
  3705 | D:10     | Reached XP level 11. HP: 81/81 MP: 18/18
  3797 | D:11     | Reached skill level 11 in Unarmed Combat
  3832 | D:11     | Got a thick robe
  3842 | D:11     | Found a flagged portal.
  3860 | Bailey   | Entered a bailey
  3902 | Bailey   | Identified the +0 robe "Riowiama" {rPois rF+ MP+9} (You found it on level 11 of the Dungeon)
  4303 | D:11     | Found a staircase to the Lair.
  4444 | D:11     | Found a staircase to the Orcish Mines.
  4485 | Orc:1    | Entered Level 1 of the Orcish Mines
  4485 | Orc:1    | Found Asokyg's General Store.
  4502 | Orc:1    | Bought a potion of magic for 112 gold pieces
  4594 | Orc:2    | Entered Level 2 of the Orcish Mines
  4681 | Orc:2    | Thaneod: jakis mecz leci
  4707 | Orc:1    | Thaneod: bo wszyscy sie dra ciagle:)
  4709 | Orc:1    | 4thArraOfDagon: niewiem xd
  4709 | Orc:1    | 4thArraOfDagon: a gdzie jestes
  4762 | Orc:2    | Thaneod: w drugim pokoju:)
  4799 | Orc:2    | Noticed an orc sorcerer
  4800 | Orc:2    | Noticed an orc sorcerer
  4806 | Orc:2    | Killed an orc sorcerer
  4806 | Orc:2    | Killed an orc sorcerer
  4819 | Orc:2    | Found Vodol's Antique Armour Emporium.
  4847 | Orc:2    | Reached skill level 12 in Unarmed Combat
  4854 | Orc:2    | Noticed an orc high priest
  4868 | Orc:2    | Killed an orc high priest
  4878 | Orc:2    | Bought an encrusted plate armour for 504 gold pieces
  4908 | Orc:2    | Identified the +9 plate armour "Hiykes" {MR+ Slay+5} (You bought it in a shop on level 2 of the Orcish Mines)
  4974 | Orc:2    | Noticed an orc high priest
  4986 | Orc:2    | Killed an orc high priest
  4995 | Orc:2    | Reached skill level 1 in Armour
  5037 | Orc:2    | Found Qyuwe's Jewellery Shoppe.
  5038 | Orc:2    | Noticed an orc warlord
  5058 | Orc:2    | Killed an orc warlord
  5058 | Orc:2    | Reached XP level 12. HP: 37/88 MP: 20/20
  5078 | Orc:2    | Found an iron altar of Okawaru.
  5327 | Orc:2    | Found Voje's General Store.
  5335 | Orc:2    | Thaneod: jakie mutki?
  5356 | Orc:2    | Reached skill level 1 in Spellcasting
  5365 | Orc:2    | Noticed an orc high priest
  5374 | Orc:2    | Noticed Saint Roka
  5555 | Orc:2    | Killed an orc high priest
  5573 | Orc:2    | 4thArraOfDagon: takie se
  5573 | Orc:2    | 4thArraOfDagon: w sumie lipa
  5586 | Orc:2    | Found Plog's Antique Weapon Emporium.
  5599 | Orc:2    | Found a staircase to the Elven Halls.
  5617 | Orc:2    | Killed Saint Roka
  5617 | Orc:2    | Reached skill level 13 in Unarmed Combat
  5667 | Orc:2    | Reached skill level 10 in Dodging
  5736 | Elf:1    | Entered Level 1 of the Elven Halls
  5769 | Elf:1    | Gained mutation: You are immune to freezing clouds. [demonic ancestry]
  5769 | Elf:1    | Reached XP level 13. HP: 96/96 MP: 15/22
  5926 | Elf:1    | Reached skill level 14 in Unarmed Combat
  6139 | Elf:3    | Entered Level 3 of the Elven Halls
  6248 | Elf:3    | Noticed a deep elf death mage
  6251 | Elf:3    | Killed a deep elf death mage
  6251 | Elf:3    | Reached skill level 5 in Spellcasting
  6253 | Elf:3    | Noticed a deep elf annihilator
  6258 | Elf:3    | Killed a deep elf annihilator
  6258 | Elf:3    | Noticed a deep elf elementalist
  6265 | Elf:3    | Killed a deep elf elementalist
  6265 | Elf:3    | Noticed a deep elf blademaster
  6265 | Elf:3    | Noticed a deep elf death mage
  6271 | Elf:3    | Killed a deep elf death mage
  6279 | Elf:3    | Noticed a deep elf demonologist
  6281 | Elf:3    | Killed a deep elf blademaster
  6282 | Elf:3    | Killed a deep elf demonologist
  6282 | Elf:3    | Noticed a deep elf annihilator
  6285 | Elf:3    | Killed a deep elf annihilator
  6300 | Elf:3    | Noticed a deep elf elementalist
  6302 | Elf:3    | Noticed a deep elf demonologist
  6308 | Elf:3    | Killed a deep elf demonologist
  6308 | Elf:3    | Gained mutation: You have razor-sharp toenails. [demonic ancestry]
  6308 | Elf:3    | Reached XP level 14. HP: 36/108 MP: 23/23
  6309 | Elf:3    | Killed a deep elf elementalist
  6438 | Elf:3    | Noticed a deep elf master archer
  6444 | Elf:3    | Killed a deep elf master archer
  6597 | Elf:2    | Reached skill level 15 in Unarmed Combat
  6700 | Elf:3    | Noticed a deep elf elementalist
  6703 | Elf:3    | Killed a deep elf elementalist
  6746 | Elf:3    | Noticed a deep elf master archer
  6748 | Elf:3    | Killed a deep elf master archer
  6750 | Elf:3    | Noticed a deep elf elementalist
  6753 | Elf:3    | Killed a deep elf elementalist
  6753 | Elf:3    | Noticed a deep elf elementalist
  6756 | Elf:3    | Killed a deep elf elementalist
  6783 | Elf:3    | Reached skill level 10 in Fighting
  6803 | Elf:3    | Thaneod: lipa ze regenki nie ma
  6816 | Elf:3    | 4thArraOfDagon: nom
  6816 | Elf:3    | 4thArraOfDagon: musze zmieniac zbroje
  6819 | Elf:3    | Got a twitching marble ring
  6867 | Elf:3    | Identified the cursed ring of Mistrust {MR+ EV-2} (You took it off a deep elf elementalist on level 3 of the Elven Halls)
  6876 | Elf:3    | Noticed a deep elf sorcerer
  6885 | Elf:3    | Killed a deep elf sorcerer
  6944 | Elf:3    | Identified a scroll of acquirement
  7005 | Elf:3    | Thaneod: acq to na zloto trzymasz w razie bazzaru?
  7038 | Elf:3    | Noticed a deep elf elementalist
  7041 | Elf:3    | Noticed a deep elf blademaster
  7045 | Elf:3    | Killed a deep elf elementalist
  7051 | Elf:3    | Killed a deep elf blademaster
  7166 | Elf:3    | Reached XP level 15. HP: 30/116 MP: 14/26
  7241 | Elf:3    | 4thArraOfDagon: najpierw zobacze czego mi bedzie brakowac po loocie z elfow
  7270 | Elf:3    | 4thArraOfDagon: pewnie wszystkiego xd
  7361 | Elf:3    | Got a pitted pewter ring
  7365 | Elf:3    | Reached skill level 16 in Unarmed Combat
  7395 | Elf:3    | Identified the Almanac of Conjuration and Execration
  7401 | Elf:3    | Got a translucent glass ring
  7411 | Elf:3    | Learned a level 3 spell: Regeneration
  7420 | Elf:3    | Learned a level 8 spell: Controlled Blink
  7506 | Elf:3    | Got a fine emerald amulet
  7538 | Elf:3    | Got a shimmering war axe
  7585 | Elf:3    | Identified the ring "Tiefawas" {*Tele *Contam rElec rN+++ Dex-2 SInv} (You took it off a deep elf death mage on level 3 of the Elven Halls)
  7587 | Elf:3    | Identified the ring of Spite {rC+ Dex+4} (You found it on level 3 of the Elven Halls)
  7589 | Elf:3    | Identified the amulet "Uzuem" {Spirit Slay+2} (You found it on level 3 of the Elven Halls)
  7964 | Elf:2    | Noticed a deep elf sorcerer
  7972 | Elf:2    | Killed a deep elf sorcerer
  7994 | Elf:2    | Noticed a deep elf sorcerer
  7999 | Elf:2    | Noticed a deep elf sorcerer
  8007 | Elf:2    | Killed a deep elf sorcerer
  8010 | Elf:2    | Killed a deep elf sorcerer
  8043 | Elf:2    | Learned a level 5 spell: Borgnjor's Vile Clutch
  8089 | Elf:2    | Thaneod: ukryj sobie czary bo ciagle szukasz po 3 stronach
  8208 | Elf:1    | Reached skill level 1 in Earth Magic
  8668 | Orc:2    | Bought a +2 cloak of poison resistance for 185 gold pieces
  8668 | Orc:2    | Bought a potion of magic for 80 gold pieces
  8748 | Lair:1   | Entered Level 1 of the Lair of Beasts
  9011 | Lair:1   | Found a dark tunnel.
  9019 | Volcano  | Entered a volcano
  9051 | Volcano  | Reached XP level 16. HP: 103/125 MP: 28/28
  9062 | Volcano  | Reached skill level 1 in Charms
  9062 | Volcano  | Reached skill level 1 in Necromancy
  9731 | Lair:6   | Entered Level 6 of the Lair of Beasts
  9731 | Lair:6   | Found a staircase to the Slime Pits.
  9736 | Lair:5   | Identified the cursed +2 war axe of the Original Sin {chaos, rElec MR- Str+8 Stlth+} (You found it on level 3 of the Elven Halls)
  9852 | Lair:5   | Got a pair of pitted gloves
  9863 | Lair:5   | Identified the cursed +0 pair of gloves "Ymayta Exen" {*Contam rPois MR+ Regen+ Stlth+} (You found it on level 5 of the Lair of Beasts)
 10175 | Lair:6   | Reached ****** piety under Cheibriados
 10223 | Lair:6   | Reached skill level 5 in Earth Magic
 10233 | Lair:6   | Reached skill level 17 in Unarmed Combat
 10511 | Lair:4   | Found a staircase to the Snake Pit.
 10568 | Snake:1  | Entered Level 1 of the Snake Pit
 10602 | Snake:1  | Found Ymicur's Gadget Shop.
 10760 | Snake:1  | Found Wiosoch's Distillery.
 10766 | Snake:1  | HP: 5/127 [something (10)]
 10799 | Snake:1  | Bought a potion of curing for 39 gold pieces
 10799 | Snake:1  | Bought a potion of experience for 650 gold pieces
 10799 | Snake:1  | Bought a potion of curing for 39 gold pieces
 10799 | Snake:1  | Bought a potion of heal wounds for 65 gold pieces
 10799 | Snake:1  | Gained mutation: A meltable icy envelope protects you from harm. (AC +0) [demonic ancestry]
 10799 | Snake:1  | Reached XP level 17. HP: 74/133 MP: 28/30
 10820 | Snake:1  | Found a runed gate.
 10820 | Snake:1  | Found a runed gate.
 10823 | Snake:1  | Found a runed gate.
 10894 | Snake:1  | Found Massakhu's Antique Weapon Shop.
 11030 | Snake:2  | Reached skill level 10 in Spellcasting
 11031 | Snake:2  | Noticed kirsanium's ghost (adept DEFE)
 11044 | Snake:2  | Killed kirsanium's ghost
 11068 | Snake:2  | Reached XP level 18. HP: 68/140 MP: 32/32
 11233 | Snake:2  | Found a runed door.
 11604 | Snake:4  | Entered Level 4 of the Snake Pit
 11873 | Snake:4  | Noticed Mara
 11882 | Snake:4  | Noticed 4thArraOfDagon's illusion
 11920 | Snake:4  | Killed Mara
 12251 | Snake:4  | Reached skill level 10 in Earth Magic
 12750 | Snake:4  | Gained mutation: You are completely covered in slimy green scales. (AC +4, rPois) [demonic ancestry]
 12750 | Snake:4  | Reached XP level 19. HP: 70/149 MP: 34/34
 12781 | Snake:4  | Reached skill level 5 in Necromancy
 12961 | Snake:4  | Got a serpentine rune of Zot
 13192 | Lair:3   | Found a staircase to the Shoals.
 13217 | Shoals:1 | Entered Level 1 of the Shoals
 13248 | Shoals:1 | Noticed Frances
 13261 | Shoals:1 | Killed Frances
 13492 | Shoals:1 | Noticed Kirke
 13506 | Shoals:1 | Killed Kirke
 13615 | Shoals:2 | Found a snail-covered altar of Cheibriados.
 13681 | Shoals:2 | Found a hazy altar of Hepliaklqana.
 13899 | Shoals:3 | Found Ezeil's Magic Scroll Shoppe.
 13935 | Shoals:3 | Found Qekhacopp's General Store.
 13967 | Shoals:3 | Bought a scroll of blinking for 135 gold pieces
 14036 | Shoals:3 | Bought a scroll of teleportation for 39 gold pieces
 14036 | Shoals:3 | Bought a scroll of fog for 26 gold pieces
 14036 | Shoals:3 | Bought a scroll of teleportation for 39 gold pieces
 14036 | Shoals:3 | Bought a scroll of blinking for 97 gold pieces
 14098 | Shoals:3 | Found Wesiholu's Antique Armour Emporium.
 14101 | Shoals:3 | Found Keteppu's Antique Armour Boutique.
 14203 | Shoals:4 | Entered Level 4 of the Shoals
 14283 | Shoals:3 | Found Cocruyplo's Island Escapes.
 14316 | Shoals:3 | Bought a scroll of teleportation for 48 gold pieces
 14316 | Shoals:3 | Bought a scroll of fog for 32 gold pieces
 14316 | Shoals:3 | Bought a scroll of fog for 32 gold pieces
 14316 | Shoals:3 | Bought a scroll of teleportation for 48 gold pieces
 14345 | Shoals:3 | Identified the +0 ring mail "Qimah" {rCorr} (You found it on level 3 of the Shoals)
 14490 | Shoals:4 | Identified the Almanac of Battle Magic and Darkness
 14510 | Shoals:4 | Noticed Bai Suzhen
 14528 | Shoals:4 | Killed Bai Suzhen
 14536 | Shoals:4 | Noticed Ilsuiw
 14560 | Shoals:4 | Killed Ilsuiw
 14654 | Shoals:4 | Reached skill level 10 in Necromancy
 14826 | Shoals:4 | Gained mutation: You have claws for feet. [demonic ancestry]
 14826 | Shoals:4 | Reached XP level 20. HP: 115/159 MP: 35/35
 15120 | Shoals:4 | Got a barnacled rune of Zot
 15451 | Lair:6   | Learned a level 2 spell: Blink
 15453 | Lair:6   | Learned a level 1 spell: Apportation
 15454 | Slime:1  | Entered Level 1 of the Pits of Slime
 15480 | Slime:1  | Reached skill level 1 in Translocations
 15481 | Slime:1  | Gained mutation: You are clumsy. (Dex -2) [a shining eye]
 15789 | Slime:5  | Entered Level 5 of the Pits of Slime
 15807 | Slime:5  | Reached skill level 5 in Translocations
 15858 | Slime:5  | Noticed the Royal Jelly
 15870 | Slime:5  | Killed the Royal Jelly
 15914 | Slime:5  | Identified the Papyrus of the Nocuous Birds
 16005 | Slime:5  | Got a slimy rune of Zot
 16288 | D:13     | Noticed Rupert
 16301 | D:13     | Killed Rupert
 16409 | D:14     | Found Togunaed's Book Boutique.
 16417 | D:14     | :(
 16456 | D:15     | Entered Level 15 of the Dungeon
 16483 | D:15     | Found Radep's Gadget Shoppe.
 16527 | D:15     | Found Gamihoamm's Antique Weapon Shop.
 16538 | D:15     | Reached skill level 10 in Translocations
 16576 | D:15     | Found Cufi's Book Shop.
 16579 | D:15     | Noticed 4thArraOfDagon's ghost (journeyman HOFi)
 16599 | D:15     | Killed 4thArraOfDagon's ghost
 16604 | D:15     | :(
 16749 | D:12     | Found Gayhung's Antique Armour Emporium.
 16920 | D:14     | Found a runed gate.
 16920 | D:14     | Found a runed gate.
 16920 | D:14     | Found a runed gate.
 16937 | D:14     | Gained mutation: You resist negative energy. (rN+) [demonic ancestry]
 16937 | D:14     | Reached XP level 21. HP: 162/165 MP: 36/36
 16967 | D:14     | Found a runed gate.
 16967 | D:14     | Found a runed gate.
 16967 | D:14     | Found a runed gate.
 17041 | D:14     | Found a gate to the Vaults.
 17106 | Vaults:1 | Entered Level 1 of the Vaults
 17546 | Vaults:3 | Found Gan Geso's General Store.
 17560 | Vaults:3 | Bought a scroll of teleportation for 36 gold pieces
 17560 | Vaults:3 | Bought a scroll of teleportation for 36 gold pieces
 17560 | Vaults:3 | Bought a potion of resistance for 120 gold pieces
 17727 | Vaults:5 | Entered Level 5 of the Vaults
 17849 | Vaults:5 | Noticed Ijustatesigmund's ghost (adept OgHu)
 17877 | Vaults:5 | Slain by Ijustatesigmund's ghost

Vault maps used:
D:1:      minmay_arrival_four_circles
D:3:      elyvilon_altar_5
D:4:      minmay_temple_entry_overgrown, serial_bayou, serial_bayou_pond_b,
          serial_bayou_lagoon_a, serial_bayou_ford_a, serial_bayou_pond_e,
          serial_bayou_shore_b, serial_bayou_lagoon_b, first_ration,
          serial_park_tiny_1, minmay_misc_feat_chi, uniq_menkaure
D:5:      nicolae_overflow_hidden_temple, uniq_eustachio
D:7:      lemuel_coloured_pillars_altar, fedhas_altar_3
D:8:      grunt_pizzeria, minmay_lizard_king, uniq_joseph, uniq_gastronok
D:9:      old_standard_altar, gammafunk_temple_overflow_elements, serial_glass,
          glass_columns_a, glass_columns_a, serial_shops,
          nicolae_shop_behind_doors, nicolae_ru_great_annihilating_truth,
          uniq_erolcha
D:10:     uniq_sonja
D:11:     minmay_lair_entry_grove, erik_orc_4, enter_bailey_2,
          minmay_large_rounded_square, palyth_stone_intersect
D:12:     serial_shops, shop, fungi_pond_lemuel
D:13:     minmay_strange_pillars, solitary_fountain, lightli_corner_chamber,
          uniq_rupert, uniq_josephine, uniq_maurice
D:14:     kennysheep_treasure_stockpile, erik_vaults_2, serial_shops,
          kennysheep_little_box
D:15:     grunt_enter_depths_magical_seal, serial_shops, shop_statue, shop,
          shop_fountains, spider_trap
Temple:   kb_temple_of_zot
Lair:1:   enter_volcano_2, minivault_26, grunt_forest_stairs_basic,
          serial_bayou_pond_b, roderic_batcave
Lair:2:   minivault_23
Lair:3:   cheibrodos_lair_river_kwai, elwin_shoals_entry_rocks
Lair:4:   guppyfry_snake_entry_island, minmay_lair_oklob_chamber,
          serial_bayou_shore_a
Lair:6:   gammafunk_lair_ancient_temple, minmay_slime_entry_oklob_open,
          serial_bayou_lake_a
Shoals:1: uniq_kirke, uniq_frances
Shoals:2: hangedman_feature_mirror, nicolae_shoals_this_corrosion,
          uniq_polyphemus
Shoals:3: cheibrodos_shoals_satyrical_garden, serial_shops,
          nicolae_shop_competitors_out_of_business, nicolae_shop_statue_plus,
          shop, shop, nicolae_island_escapes
Shoals:4: shoals_end_hangedman, shoals_ilsuiw_ice, uniq_bai_suzhen
Snake:1:  serial_shops, nicolae_shop_overgrown_old_shop,
          nicolae_shop_behind_doors, nicolae_shop_trees,
          nicolae_snake_horde_hoard
Snake:2:  lightli_airlock
Snake:3:  onia_ninara_swampy_vault, special_room, basic_loot_grate_trap,
          serial_bayou_pond_d, hangedman_snake_pattern
Snake:4:  snake_pit_salamanders_mu, uniq_mara
Slime:2:  nicolae_slime_phagocytosis
Slime:3:  nicolae_slime_barrier, nicolae_slime_welcoming_committee
Slime:4:  cheibrodos_slime_lost_civilization_7
Orc:1:    serial_shops, shop
Orc:2:    grunt_orc_gardens, grunt_orc_garden, grunt_orc_garden,
          grunt_orc_garden, grunt_orc_garden, okawaru_metal_pillars_1_2,
          uniq_saint_roka
Elf:1:    hangedman_elf_represent, minmay_misc_feat_five, amethyst_killhole
Elf:2:    serial_shops, nicolae_shop_stone
Elf:3:    grunt_elf_hall_spiral, nrook_mini_backslash
Vaults:1: kennysheep_vaults_gozag_temple, vaults_dpeg_ring,
          nicolae_vaults_theta, hangedman_vaults_hat,
          vaults_room_grunt_arrival_ludios, v_misc_22, vaults_dpeg_hooks,
          nicolae_vaults_diagonal_hallway_8, nicolae_vaults_mini_display_case,
          vaults_room_boxed, nicolae_vaults_angled_halls,
          hangedman_vaults_restitches, serial_shops, shop
Vaults:2: nicolae_vaults_display_case, v_alt_pattern_4,
          minmay_crypt_entry_necro_gods, vaults_mumra_chevron,
          grunt_vaults_hallway_short, nicolae_vaults_little_ls,
          ontoclasm_vaults_misaligned, nicolae_vaults_ring_of_whatevers,
          v_rooms_4, grunt_vaults_focal, nicolae_vaults_windows_and_doors_thing,
          vaults_room_pool, vaults_room_hallway
Vaults:3: hangedman_vaults_nails, ontoclasm_vaults_ring_square,
          nicolae_vaults_hallways_thing, v_misc_16, vaults_room_semicircle,
          nicolae_vaults_shelves_hall, v_misc_30, nicolae_vaults_alarming,
          nicolae_vaults_little_squares_3, vaults_mumra_hex, serial_shops, shop,
          nicolae_shop_waterfront, nicolae_shop_stone, shop, shop, uniq_donald
Vaults:4: hangedman_vaults_stream, nicolae_vaults_network_square,
          hangedman_vaults_pinch, v_misc_5, grunt_vaults_hallway_short,
          ontoclasm_vaults_eye
Vaults:5: serial_shops
Bailey:   bailey_polearm_gnolls_kennysheep, bailey
Volcano:  volcano_pools

Skill      XL: |  1  2  3  4  5  6  7  8  9 10 11 12 13 14 15 16 17 18 19 20 21 |
---------------+----------------------------------------------------------------+-----
Unarmed Combat | 3 4 5 6 7 9 10 12 13 14 15 16 17 | 17.1
Dodging        | 3 4 5 7 9 10 11 12 13 14 | 14.0
Fighting       | 3 4 5 6 7 9 10 11 12 13 14 | 14.0
Invocations    | 1 2 3 4 6 8 10 11 12 | 12.0
Armour         | 1 2 |  2.1
Spellcasting   | 3 5 7 8 9 10 11 | 11.0
Earth Magic    | 3 6 7 10 12 13 | 13.4
Charms         | 2 |  2.5
Necromancy     | 2 4 10 11 | 11.3
Translocations | 10 14 | 14.5
Throwing       | |  1.7

Action                   |  1- 3 |  4- 6 |  7- 9 | 10-12 | 13-15 | 16-18 | 19-21 || total
-------------------------+-------+-------+-------+-------+-------+-------+-------++-------
Melee: Unarmed           |    89 |   184 |   285 |   567 |   503 |   885 |  1427 ||  3940
       Hand axe          |    25 |       |       |       |       |       |       ||    25
       Kick              |    11 |    63 |   110 |   314 |   297 |   535 |   905 ||  2235
       Punch             |       |     5 |    11 |    51 |    49 |    90 |   173 ||   379
 Fire: Blowgun           |       |       |       |     8 |       |       |       ||     8
Throw: Throwing net      |     4 |     1 |       |       |       |       |       ||     5
 Cast: Regeneration      |       |       |       |       |       |    10 |    39 ||    49
       Borgnjor's Vile C |       |       |       |       |       |       |     6 ||     6
       Blink             |       |       |       |       |       |       |     2 ||     2
Invok: Slouch            |       |       |       |    10 |    11 |     8 |    26 ||    55
       Temporal Distorti |       |       |       |     1 |       |       |       ||     1
Evoke: Wand              |       |       |     7 |     3 |    16 |     2 |     2 ||    30
       Lamp of fire      |       |       |       |       |     1 |       |       ||     1
       Phantom mirror    |       |       |       |       |       |       |     1 ||     1
  Use: Potion            |     3 |     2 |     3 |     2 |     3 |     1 |     5 ||    19
       Scroll            |     1 |       |     4 |    11 |     7 |    16 |    10 ||    49
 Stab: Sleeping          |     1 |       |       |       |       |       |       ||     1
       Held in net/web   |     2 |     2 |       |       |       |       |       ||     4
       Confused          |       |       |     3 |       |       |       |       ||     3
       Invisible         |       |       |     2 |       |       |       |       ||     2
       Paralysed         |       |       |     1 |       |       |       |       ||     1
  Eat: Chunk             |       |     1 |     1 |     6 |     4 |     4 |     9 ||    25
       Ration            |       |       |     1 |     1 |     2 |     1 |     3 ||     8
Armor: Leather armour    |     4 |       |       |       |       |       |       ||     4
       Ring mail         |    23 |   102 |    86 |    84 |       |       |       ||   295
       Skin              |       |       |       |    14 |       |       |       ||    14
       Plate armour      |       |       |       |    52 |   171 |   427 |   960 ||  1610
       Troll leather arm |       |       |       |       |     2 |       |       ||     2
Dodge: Dodged            |    69 |   185 |   151 |   462 |   217 |   882 |  1784 ||  3750
       Deflected         |       |     1 |     3 |     5 |    31 |       |       ||    40
Block: Other             |     3 |    21 |     8 |       |       |       |       ||    32

Table legend:
 A = Spawn XP
 B = Non-spawn XP
 C = Spawn XP percentage of total XP
 D = Spawn monster count
 E = Non-spawn monster count
 F = Spawn count percentage of total count
 G = Total turns spent on level
                    A         B        C        D         E        F      G
               +---------+---------+-------+---------+---------+-------+---------
         Total |       0 |  608533 |   0.0 |       0 |    1263 |   0.0 | 17877
               +---------+---------+-------+---------+---------+-------+---------
           D:1 |       0 |      14 |   0.0 |       0 |       8 |   0.0 |   160
           D:2 |       0 |     189 |   0.0 |       0 |      29 |   0.0 |   567
           D:3 |       0 |     165 |   0.0 |       0 |      25 |   0.0 |   337
           D:4 |       0 |     499 |   0.0 |       0 |      17 |   0.0 |   257
           D:5 |       0 |     573 |   0.0 |       0 |      12 |   0.0 |   389
           D:6 |       0 |     476 |   0.0 |       0 |       8 |   0.0 |   216
           D:7 |       0 |     366 |   0.0 |       0 |       6 |   0.0 |   301
           D:8 |       0 |    3246 |   0.0 |       0 |      10 |   0.0 |   485
           D:9 |       0 |    1828 |   0.0 |       0 |      25 |   0.0 |   370
          D:10 |       0 |    3769 |   0.0 |       0 |      39 |   0.0 |   553
          D:11 |       0 |    3384 |   0.0 |       0 |      35 |   0.0 |   496
          D:12 |       0 |    2711 |   0.0 |       0 |      17 |   0.0 |   162
          D:13 |       0 |    9954 |   0.0 |       0 |      19 |   0.0 |   200
          D:14 |       0 |   20081 |   0.0 |       0 |      44 |   0.0 |   350
          D:15 |       0 |    7546 |   0.0 |       0 |      17 |   0.0 |   183
        Lair:1 |       0 |    3334 |   0.0 |       0 |      15 |   0.0 |   321
        Lair:2 |       0 |    3970 |   0.0 |       0 |      14 |   0.0 |   264
        Lair:3 |       0 |    1051 |   0.0 |       0 |       6 |   0.0 |   126
        Lair:4 |       0 |    4718 |   0.0 |       0 |      21 |   0.0 |   249
        Lair:5 |       0 |    7553 |   0.0 |       0 |      18 |   0.0 |   399
        Lair:6 |       0 |   21220 |   0.0 |       0 |      63 |   0.0 |   603
      Shoals:1 |       0 |   14307 |   0.0 |       0 |      19 |   0.0 |   327
      Shoals:2 |       0 |   18985 |   0.0 |       0 |      37 |   0.0 |   391
      Shoals:3 |       0 |   21637 |   0.0 |       0 |      42 |   0.0 |   431
      Shoals:4 |       0 |   51228 |   0.0 |       0 |      78 |   0.0 |   911
       Snake:1 |       0 |   17931 |   0.0 |       0 |      39 |   0.0 |   440
       Snake:2 |       0 |   30932 |   0.0 |       0 |      56 |   0.0 |   606
       Snake:3 |       0 |   10044 |   0.0 |       0 |      22 |   0.0 |   149
       Snake:4 |       0 |   66688 |   0.0 |       0 |      93 |   0.0 |  1356
       Slime:1 |       0 |    6069 |   0.0 |       0 |      14 |   0.0 |   113
       Slime:2 |       0 |    2602 |   0.0 |       0 |       9 |   0.0 |    58
       Slime:3 |       0 |    4993 |   0.0 |       0 |       7 |   0.0 |    72
       Slime:4 |       0 |    5089 |   0.0 |       0 |      10 |   0.0 |   125
       Slime:5 |       0 |   41193 |   0.0 |       0 |      26 |   0.0 |   265
         Orc:1 |       0 |     462 |   0.0 |       0 |      10 |   0.0 |   256
         Orc:2 |       0 |   19066 |   0.0 |       0 |      66 |   0.0 |  1064
         Elf:1 |       0 |   29219 |   0.0 |       0 |      43 |   0.0 |   759
         Elf:2 |       0 |   21991 |   0.0 |       0 |      31 |   0.0 |   588
         Elf:3 |       0 |   63310 |   0.0 |       0 |      53 |   0.0 |  1564
      Vaults:1 |       0 |    2759 |   0.0 |       0 |       5 |   0.0 |    33
      Vaults:2 |       0 |   16626 |   0.0 |       0 |      34 |   0.0 |   275
      Vaults:3 |       0 |   25072 |   0.0 |       0 |      43 |   0.0 |   153
      Vaults:4 |       0 |   35624 |   0.0 |       0 |      40 |   0.0 |   265
      Vaults:5 |       0 |    1660 |   0.0 |       0 |       2 |   0.0 |    45
        Bailey |       0 |    1226 |   0.0 |       0 |      30 |   0.0 |   338
       Volcano |       0 |    3173 |   0.0 |       0 |       6 |   0.0 |   232
               +---------+---------+-------+---------+---------+-------+---------
